AoeStats
← MengeZ0_

Arena

505267974Analyzed
2v2 RM · 25d ago on Sep 8, 2026· 74m 47s· 4 players
Game mode
Random Map
Map size
Medium (4 player)
Population
200
Speed
Normal
Resources
Standard
Victory
Conquest
Starting age
Dark Age
Ending age
Imperial Age
RankedLock teamsTeams togetherTeam positionsShared explorationLock speedFull tech treeHidden civsTurbo modeCheats
Victory
Defeat
🇩🇪 Turks · Germany
808
+17
🇩🇪 Malay · Germany
725
+20
🇺🇦 Huns · Ukraine
824
-19
🇳🇱 Vikings · Netherlands
810
-18
LiL Dogga
0:28 Loom
10:30 Feudal Age
11:49 Wheelbarrow
10:59 Horse Collar
11:06 Double-Bit Axe
17:12 Castle Age
17:54 Heavy Plow
18:44 Town Watch
21:08 Bow Saw
25:37 Hand Cart
25:52 Fletching
26:02 Padded Archer Armor
26:24 Bloodlines
27:13 Ballistics
27:34 Gold Mining
27:39 Stone Mining
28:25 Bodkin Arrow
30:08 Gold Shaft Mining
30:05 Thumb Ring
31:35 Leather Archer Armor
33:09 Murder Holes
36:32 Imperial Age
34:42 Forging
34:38 Scale Barding Armor
35:57 Masonry
36:25 Husbandry
36:40 Cavalier
37:36 Heavy Cavalry Archer
39:26 Two-Man Saw
39:35 Parthian Tactics
39:36 Scale Mail Armor
40:03 Conscription
40:31 Bracer
41:36 Chemistry
41:27 Squires
40:50 Pikeman
42:19 Iron Casting
41:50 Arson
41:55 Halberdier
43:09 Chain Mail Armor
44:36 Blast Furnace
48:13 Elite Skirmisher
49:58 Atheism
52:43 Town Patrol
59:31 Light Cavalry
60:40 Chain Barding Armor
61:03 Hussar
63:04 Plate Barding Armor
67:45 Caravan
TEAM MBG
1:58 Loom
2:28 Loom
10:41 Feudal Age
11:27 Double-Bit Axe
11:25 Horse Collar
18:46 Castle Age
17:46 Stone Mining
19:39 Bow Saw
19:32 Heavy Plow
19:31 Gold Mining
20:58 Gold Shaft Mining
28:00 Ballistics
27:36 Murder Holes
28:12 Fletching
29:19 Bodkin Arrow
29:25 Scale Mail Armor
31:41 Chain Mail Armor
31:36 Forging
35:23 Imperial Age
33:21 Treadmill Crane
33:32 Heated Shot
33:47 Arson
34:05 Squires
33:50 Gambesons
35:04 Caravan
36:34 Crop Rotation
37:10 Two-Man Saw
38:00 Plate Mail Armor
38:07 Iron Casting
41:14 Blast Furnace
40:15 Bracer
43:43 Chieftains
MengeZ0_
10:38 Feudal Age
11:27 Double-Bit Axe
17:23 Castle Age
16:11 Stone Mining
16:12 Gold Mining
19:45 Bow Saw
24:11 Fletching
24:31 Forging
26:28 Wheelbarrow
28:25 Horse Collar
31:49 Imperial Age
30:33 Heated Shot
33:59 Wheelbarrow
33:10 Town Watch
35:08 Bodkin Arrow
35:14 Padded Archer Armor
35:40 Ballistics
35:41 Scale Barding Armor
36:12 Iron Casting
35:54 Bloodlines
41:00 Chain Barding Armor
41:41 Blast Furnace
40:41 Bracer
46:12 Scale Mail Armor
46:48 Plate Barding Armor
46:29 Leather Archer Armor
45:41 Man-at-Arms
46:27 Long Swordsman
49:46 Two-Man Saw
49:13 Chain Mail Armor
49:17 Elite Janissary
50:54 Bombard Tower
50:30 Two-Handed Swordsman
51:30 Heavy Plow
51:33 Champion
56:15 Heavy Scorpion
58:36 Gold Shaft Mining
59:01 Ring Archer Armor
59:01 Plate Mail Armor
63:09 Crossbowman
63:55 Thumb Ring
BenUtzmich6717
11:53 Feudal Age
13:39 Double-Bit Axe
16:20 Gold Mining
16:22 Stone Mining
21:01 Castle Age
24:09 Bow Saw
24:39 Stone Shaft Mining
24:41 Gold Shaft Mining
28:24 Imperial Age
27:18 Horse Collar
31:37 Elite Battle Elephant
32:03 Pikeman
36:22 Scale Barding Armor
36:19 Padded Archer Armor
38:40 Loom
40:08 Halberdier
42:57 Thalassocracy
45:02 Wheelbarrow
49:36 Forced Levy
50:06 Leather Archer Armor
49:41 Fletching
50:02 Forging
50:25 Heavy Scorpion
Connection lost

Rejoining the realm…

Still unreachable

The connection could not be restored.

Session expired

The server has moved on; the page needs a fresh start.